Map: Hardwire LE

Players

Pumba - Winner!

  • Race: Protoss Protoss
  • League: Diamond
  • Spawn Location: 7:00

nowitzki

  • Race: Terran Terran
  • League: Diamond
  • Spawn Location: 1:00

VOD

Have the link to the VOD?

Description

Time

  • Played on: March 8, 2022, 7:39 p.m.
  • Length: 12:19
Show
View Real Time Build Order
Export as new Build Order

Pumba Protoss - Winner!

Build Orders: 1 Gate Expand 

Get SALT Encoding   

  12  0:00  Probe  
  13  0:12  Probe  
  14  0:20  Pylon  
  14  0:25  Probe  
  15  0:38  Probe (Chrono Boost)  
  15  0:41  Gateway  
  16  0:48  Probe (Chrono Boost)  
  17  0:53  Probe (Chrono Boost), Assimilator  
  18  1:05  Probe  
  19  1:17  Probe  
  20  1:23  Nexus  
  20  1:31  Cybernetics Core  
  20  1:36  Probe  
  21  1:51  Assimilator  
  21  1:58  Probe  
  21  1:59  Pylon  
  22  2:10  Warp Gate, Probe  
  22  2:15  Stalker (Chrono Boost)  
  23  2:22  Probe  
  25  2:32  Robotics Facility  
  25  2:34  Probe  
  26  2:37  Probe (Chrono Boost)  
  26  2:46  Probe (Chrono Boost)  
  26  2:49  Probe (Chrono Boost)  
  28  2:53  Stalker  
  28  2:55  Probe (Chrono Boost)  
  28  2:56  Probe (Chrono Boost)  
  32  3:01  Probe  
  32  3:04  Probe  
  34  3:13  Probe  
  34  3:15  Gateway  
  34  3:16  Probe  
  34  3:17  Gateway  
  36  3:25  Probe  
  35  3:28  Probe  
  35  3:30  Observer  
  35  3:32  Robotics Bay  
  35  3:33  Stalker (Chrono Boost)  
  37  3:37  Probe  
  40  3:43  Probe  
  41  3:50  Probe  
  41  3:51  Pylon  
  42  3:58  Assimilator  
  42  4:01  Assimilator  
  42  4:03  Probe x2  
  44  4:10  Pylon  
  44  4:15  Probe, Stalker  
  44  4:16  Stalker x2  
  51  4:19  Probe  
  51  4:22  Warp Prism (Chrono Boost)  
  52  4:31  Gravitic Drive  
  54  4:47  Probe  
  54  4:48  Probe  
  54  4:51  Disruptor (Chrono Boost)  
  55  4:59  Probe  
  59  5:01  Probe  
  59  5:02  Pylon  
  60  5:12  Nexus  
  60  5:18  Disruptor (Chrono Boost)  
  60  5:19  Shield Battery, Probe  
  60  5:20  Pylon x2  
  55  5:29  Probe (Chrono Boost)  
  55  5:31  Probe (Chrono Boost)  
  58  5:45  Probe (Chrono Boost)  
  58  5:47  Probe (Chrono Boost)  
  59  5:50  Probe (Chrono Boost)  
  59  5:53  Probe (Chrono Boost)  
  59  5:55  Observer (Chrono Boost)  
  62  6:01  Probe  
  63  6:05  Twilight Council, Probe  
  63  6:07  Forge  
  63  6:08  Observer (Chrono Boost)  
  65  6:13  Gateway  
  65  6:14  Probe, Gateway  
  65  6:17  Gateway  
  66  6:20  Probe  
  67  6:26  Probe  
  68  6:44  Blink (Chrono Boost)  
  68  6:48  Probe x2 (Chrono Boost)  
  68  6:49  Probe (Chrono Boost)  
  68  6:50  Protoss Ground Weapons Level 1 (Chrono Boost)  
  71  6:58  Disruptor, Probe (Chrono Boost)  
  71  7:00  Robotics Facility  
  75  7:06  Probe x2, Gateway  
  75  7:07  Probe  
  78  7:08  Gateway  
  78  7:10  Pylon  
  78  7:11  Shield Battery  
  78  7:14  Pylon  
  78  7:18  Probe x2  
  78  7:21  Stalker  
  78  7:22  Stalker x5  
  92  7:28  Probe  
  93  7:30  Probe  
  93  7:31  Assimilator  
  93  7:35  Assimilator  
  93  7:36  Observer, Pylon  
  94  7:40  Pylon  
  94  7:53  Disruptor x2  
  100  8:02  Stalker x5  
  100  8:03  Stalker  
  100  8:04  Probe x3  
  115  8:16  Probe  
  115  8:19  Pylon  
  115  8:20  Pylon  
  115  8:25  Observer  
  115  8:27  Observer  
  115  8:37  Charge (Chrono Boost)  
  115  8:49  Protoss Ground Armor Level 1 (Chrono Boost)  
  115  9:07  Disruptor x2  
  115  9:08  Stalker x8  
  121  9:40  Forge  
  121  9:43  Disruptor  
  121  9:44  Nexus  
  121  9:45  Gateway  
  124  9:46  Gateway  
  124  9:49  Gateway  
  124  9:50  Zealot x7  
  124  9:51  Gateway  
  138  9:57  Nexus  
  134  10:22  Stalker x7  
  148  10:33  Pylon  
  148  10:34  Pylon  
  148  10:38  Pylon  
  146  10:42  Pylon  
  146  10:45  Pylon  
  146  10:47  Observer  
  146  10:59  Disruptor x2  
  146  11:00  Zealot  
  146  11:01  Zealot x6  
  146  11:02  Zealot x3  
  172  11:11  Probe  
  173  11:28  Nexus  
  174  11:40  Observer x2  
  174  11:42  Pylon  
  175  11:50  Zealot x6  
  175  11:51  Zealot x3  
Show
View Real Time Build Order
Export as new Build Order

nowitzki Terran 

Build Orders: Gas First Reaper Expand 

Get SALT Encoding   

  12  0:00  SCV  
  13  0:12  SCV  
  14  0:17  Supply Depot  
  14  0:24  SCV  
  15  0:30  Refinery  
  15  0:38  SCV  
  16  0:45  Barracks  
  16  0:50  SCV  
  17  1:03  SCV  
  18  1:15  SCV  
  19  1:31  Reaper  
  19  1:32  Orbital Command  
  20  1:53  Command Center  
  20  1:59  Factory  
  20  2:08  Barracks Reactor, Supply Depot  
  20  2:11  SCV  
  21  2:20  Refinery  
  21  2:24  SCV  
  22  2:36  SCV  
  24  2:44  Widow Mine  
  24  2:45  Marine x2  
  24  2:48  SCV  
  27  2:55  Starport  
  27  3:00  SCV  
  27  3:05  Orbital Command  
  28  3:07  Widow Mine  
  28  3:09  Marine  
  28  3:12  SCV  
  32  3:17  Marine  
  33  3:24  SCV  
  34  3:28  Widow Mine  
  34  3:31  Supply Depot, Medivac  
  34  3:32  SCV  
  39  3:36  SCV  
  40  3:42  Marine x2  
  40  3:44  SCV  
  43  3:48  SCV  
  43  3:51  Widow Mine  
  46  4:01  Starport Tech Lab  
  46  4:03  Command Center  
  46  4:09  Marine x2  
  48  4:15  Barracks  
  48  4:16  Factory Tech Lab  
  48  4:21  SCV  
  49  4:26  SCV  
  49  4:27  Supply Depot  
  50  4:31  Raven  
  50  4:35  SCV, Refinery x2  
  53  4:45  Engineering Bay  
  53  4:52  SCV  
  54  4:56  Siege Tank  
  54  4:58  SCV  
  58  5:01  Supply Depot  
  58  5:04  SCV  
  59  5:07  Barracks Tech Lab  
  56  5:36  Marine  
  56  5:42  SCV, Terran Infantry Weapons Level 1  
  51  5:43  SCV, Stimpack  
  51  5:47  Missile Turret  
  52  5:50  Missile Turret  
  52  5:51  Viking  
  52  5:53  Marine  
  52  5:54  SCV  
  56  5:57  Viking  
  56  6:02  SCV  
  59  6:06  SCV  
  59  6:08  Combat Shield  
  60  6:11  Marine  
  60  6:14  SCV  
  60  6:18  Orbital Command  
  62  6:20  SCV  
  62  6:23  Marine  
  64  6:26  SCV  
  64  6:28  Viking  
  70  6:32  Siege Tank  
  70  6:34  SCV  
  71  6:43  Marine x2  
  71  6:46  SCV  
  66  6:50  Barracks, Armory, SCV x2  
  69  7:05  Medivac x2  
  69  7:06  Marauder, Marine  
  76  7:09  Siege Tank  
  76  7:10  SCV  
  76  7:11  SCV  
  76  7:14  SCV  
  81  7:16  Supply Depot  
  81  7:21  Missile Turret  
  81  7:22  SCV  
  82  7:24  Marine  
  82  7:28  Marauder  
  83  7:33  SCV  
  83  7:34  Ghost Academy  
  84  7:37  SCV x2  
  84  7:38  Command Center  
  84  7:41  Marine  
  88  7:49  Marauder  
  88  7:50  Barracks Reactor  
  89  7:56  Barracks  
  89  7:58  Terran Vehicle Weapons Level 1, Terran Infantry Armor Level 1  
  89  7:59  Marine  
  89  8:00  Barracks  
  90  8:05  Siege Tank  
  90  8:08  Enhanced Shockwaves  
  90  8:12  Supply Depot  
  93  8:13  Refinery  
  93  8:14  Supply Depot  
  93  8:27  Supply Depot  
  93  8:30  Supply Depot, Concussive Shells  
  93  8:31  Supply Depot, Engineering Bay  
  93  8:33  SCV x3, Marine x4  
  94  8:43  Marine  
  94  8:45  SCV, Siege Tank  
  94  8:46  Viking  
  98  8:51  Marauder  
  100  9:00  Sensor Tower  
  96  9:04  Marine x2  
  98  9:14  Barracks Reactor, Marine  
  98  9:15  Marauder  
  95  9:24  Marine  
  95  9:25  Marauder  
  95  9:26  Siege Tank  
  95  9:27  SCV  
  95  9:28  SCV  
  101  9:32  Marine  
  101  9:35  Barracks Reactor, Ghost  
  101  9:36  Terran Infantry Weapons Level 2  
  101  9:38  Supply Depot  
  104  9:40  Medivac  
  104  9:42  Marine  
  104  9:45  Ghost  
  107  9:50  Marine  
  107  9:51  Marine x2  
  112  9:53  Supply Depot  
  112  9:58  SCV  
  112  10:00  Marine  
  112  10:04  Ghost  
  114  10:08  Marine  
  114  10:09  Marine x2  
  117  10:14  Marauder  
  117  10:17  Marine  
  117  10:20  Marine x2  
  122  10:25  Marine  
  122  10:26  Marine  
  122  10:27  Marine  
  125  10:29  SCV  
  125  10:33  Marauder  
  125  10:35  Marine  
  128  10:36  Marauder  
  128  10:37  Marine  
  128  10:38  Marine  
  130  10:43  Marine  
  130  10:44  Marine  
  130  10:45  Marine  
  125  10:50  SCV  
  125  10:53  Marine  
  125  10:55  Marauder, Marine  
  120  10:57  Marauder  
  120  10:59  Refinery, SCV  
  120  11:00  Marine  
  120  11:03  SCV  
  125  11:11  SCV  
  125  11:16  Marauder  
  128  11:19  Supply Depot, Marauder  
  128  11:20  Viking  
  128  11:22  SCV  
  128  11:24  Supply Depot  
  133  11:26  Orbital Command  
  133  11:31  Viking  
  132  11:55  Marine x2  
  132  11:56  Marauder x2, Marine x3  
  132  11:58  Marine  
Tags
 
Add a new tag
Caveats
  • Supply blocks, unpowered buildings, or Contaminate may cause inaccurate times.
  • Supply counts are checked every 10 seconds.